 Dungeon Crawl Stone Soup version 0.25-b1-23-ge2ad7d536c (webtiles) character file.

Game seed: 3454039568224420310, levelgen mode: deterministic

1119 HoaS the Twirler (level 8, 0/51 HPs)
             Began as a Gargoyle Gladiator on June 1, 2020.
             Was a Believer of Zin.
             Slain by a yak (3 damage)
             ... on level 9 of the Dungeon.
             The game lasted 00:14:05 (5692 turns).

HoaS the Twirler (Gargoyle Gladiator)               Turns: 5692, Time: 00:14:06

Health: 0/51       AC: 17    Str: 22    XL:     8   Next: 34%
Magic:  9/10       EV:  9    Int:  9    God:    Zin [**....]
Gold:   277        SH:  0    Dex: 12    Spells: 7/7 levels left

rFire    . . .     SeeInvis .   a - +0 quarterstaff
rCold    . . .     Gourm    .   (shield currently unavailable)
rNeg     + . .     Faith    .   l - +0 chain mail
rPois    ∞         Spirit   .   c - +0 helmet
rElec    +         Reflect  .   (no cloak)
rCorr    +         Harm     .   x - +1 pair of gloves
MR       .....                  (no boots)
Stlth    ..........             (no amulet)
HPRegen  0.17/turn              k - ring of resist corrosion
MPRegen  0.12/turn              (no ring)

@: mighty, vitalised
A: negative energy resistance 1, electricity resistance, unbreathing,
petrification resistance, rot immunity, AC +5
a: Recite, Vitalisation, Donate Gold, Renounce Religion


You were on level 9 of the Dungeon.
You worshipped Zin.
Zin was pleased with you.
You were not hungry.

You visited 2 branches of the dungeon, and saw 8 of its levels.

You collected 307 gold pieces.
You donated 30 gold pieces to Zin.

Inventory:

Hand Weapons
 a - a +0 quarterstaff (weapon)
Missiles
 d - 4 throwing nets (quivered)
Armour
 c - a +0 helmet (worn)
 l - a +0 chain mail (worn)
 x - a +1 pair of gloves (worn)
Jewellery
 k - a ring of resist corrosion (left hand)
Scrolls
 b - 3 scrolls of teleportation
 g - a scroll of remove curse
 h - 2 scrolls of identify
 m - a scroll of fear
Potions
 e - 2 potions of berserk rage
 i - a potion of curing
 j - 2 potions of lignification
 n - 2 potions of flight
 o - a potion of invisibility
 p - a potion of haste {unknown}
 r - a potion of resistance
 w - a potion of heal wounds
Comestibles
 f - 7 rations
 z - a chunk of flesh


   Skills:
 + Level 5.7 Fighting
 * Level 7.6 Staves
 - Level 1.7 Throwing
 - Level 3.0 Armour
 - Level 2.4 Dodging
 + Level 3.1 Invocations


You had 7 spell levels left.
You didn't know any spells.
Your spell library contained the following spells:

 Spells                   Type           Power        Failure   Level  Hunger
 Confusing Touch          Hex            #.......     100%        3    ####...
 Gell's Gravitas          Tloc           #.........   100%        3    ####...
 Petrify                  Tmut/Erth      #.......     100%        4    #####..
 Metabolic Englaciation   Hex/Ice        #.........   100%        5    ######.
 Yara's Violent Unravell  Hex/Tmut       #.........   100%        5    ######.


Dungeon Overview and Level Annotations

Branches:
Dungeon (6/15)             Temple (1/1) D:4

Altars:
Cheibriados
Hepliaklqana
Makhleb
Nemelex Xobeh
Okawaru
Qazlal
Zin
The Shining One

Annotations:
D:5 2 transporters, Masnef's ghost, amateur SpEn


Innate Abilities, Weirdness & Mutations

You are resistant to torment.
Your stone body is resilient. (AC +5)
You are immune to poison.
You resist negative energy. (rN+)
You are resistant to electric shocks. (rElec)
You can survive without breathing.
You are immune to petrification.
You are immune to rotting.


Message History

The troll claws you.
The yak bellows!
You sock the troll!
The troll is almost dead.
The adder closely misses you. The troll barely misses you.
The troll claws you but does no damage. The troll barely misses you.
You barely miss the troll.
The troll is severely wounded.
The adder bites you but does no damage. The yak gores you.
* * * LOW HITPOINT WARNING * * *
The yak gores you.
* * * LOW HITPOINT WARNING * * *
The troll bites you but does no damage. The troll claws you.
* * * LOW HITPOINT WARNING * * *
The troll claws you but does no damage.
You closely miss the troll.
The troll is severely wounded.
The adder bites you but does no damage. The yak gores you but does no damage.
The yak gores you.
You die...

###### .
.....########..
.............
#...........
#YY.........
#@S..[Y.....
##T......?Y#
#...........
#..........#
#..........#
#..........#
#..........#
..##########


You could see 3 yaks, a troll and an adder.

Vanquished Creatures
  An ice beast (D:9)
  2 centaurs
  Blork the orc (D:5)
  A bullfrog (D:3)
  A water moccasin skeleton (D:3)
  A crimson imp (D:3)
  4 orc priests
  A hound (D:4)
  Ijyb (D:4)
  6 orc wizards
  3 worker ants
  A hound zombie (D:5)
  A hound skeleton (D:5)
  A howler monkey skeleton (D:4)
  4 adders
  4 gnolls (D:3)
  2 oozes
  An adder skeleton (D:5)
  4 worms
  4 dart slugs
  2 leopard geckos
  17 orcs
  2 ball pythons
  15 bats
  5 giant cockroaches
  7 goblins
  8 hobgoblins
  2 jackals (D:2)
  A quokka (D:2)
  5 frilled lizards
  6 kobolds
  A quokka skeleton (D:4)
  8 rats
123 creatures vanquished.

Vanquished Creatures (others)
  A sky beast (D:5)
  5 plants (D:5)
6 creatures vanquished.

Grand Total: 129 creatures vanquished

Notes
Turn   | Place    | Note
-------+----------+-------------------------------------------
     0 | D:1      | HoaS the Gargoyle Gladiator began the quest for the Orb.
     0 | D:1      | Reached XP level 1. HP: 12/12 MP: 1/1
   231 | D:1      | Reached XP level 2. HP: 18/18 MP: 2/2
   521 | D:1      | Reached skill level 1 in Armour
   615 | D:1      | Reached XP level 3. HP: 20/22 MP: 3/3
  1139 | D:2      | Found a stormy altar of Qazlal.
  1162 | D:2      | Reached skill level 4 in Staves
  1240 | D:2      | Reached XP level 4. HP: 25/27 MP: 4/4
  1859 | D:3      | Reached XP level 5. HP: 32/32 MP: 5/5
  1906 | D:3      | Found a burning altar of Makhleb.
  2234 | D:3      | Reached skill level 5 in Staves
  2234 | D:3      | Reached XP level 6. HP: 38/38 MP: 6/6
  2655 | D:3      | You fall into a shaft and drop 1 floor!
  3441 | D:4      | Reached skill level 6 in Staves
  3441 | D:4      | Reached XP level 7. HP: 11/44 MP: 7/7
  3845 | D:4      | Found a staircase to the Ecumenical Temple.
  3854 | Temple   | Entered the Ecumenical Temple
  3867 | Temple   | Became a worshipper of Zin the Law-Giver
  3867 | Temple   | Reached * piety under Zin
  3956 | D:4      | Noticed Ijyb
  3964 | D:4      | Killed Ijyb
  4263 | D:5      | Entered Level 5 of the Dungeon
  4352 | D:4      | Reached skill level 1 in Invocations
  4724 | D:5      | Reached skill level 5 in Fighting
  4899 | D:5      | Found a snail-covered altar of Cheibriados.
  4982 | D:5      | Found an iron altar of Okawaru.
  5019 | D:5      | Identified the +6 trident "Kuntidec" {venom, rElec Int+6
                  | Dex-5}
  5019 | D:5      | Identified the +4 ring mail "Bolattug" {rF+}
  5019 | D:5      | Identified the +1 buckler "Kiugaaza" {rN+}
  5166 | D:5      | Reached skill level 7 in Staves
  5238 | D:5      | Reached XP level 8. HP: 49/49 MP: 9/9
  5269 | D:5      | Reached ** piety under Zin
  5415 | D:5      | Found a transporter.
  5416 | D:5      | Found a transporter.
  5417 | D:5      | Noticed Blork the orc
  5425 | D:5      | Killed Blork the orc
  5448 | D:5      | Noticed Masnef's ghost (amateur SpEn)
  5676 | D:6      | You fall into a shaft and drop 3 floors!
  5676 | D:9      | Noticed a troll
  5676 | D:9      | Noticed a yak
  5679 | D:9      | Noticed a yak
  5683 | D:9      | Noticed a yak
  5692 | D:9      | Slain by a yak

Illustrated notes

Levels and vault maps discovered:
D:1:      wander_arrival_lonely_grave, layout_basic, minmay_distorted
D:2:      layout_rooms, kennysheep_minor_cross, nicolae_qazlal_general_emergency
D:3:      layout_basic, bloody_makhleb
D:4:      layout_basic, minmay_temple_entry_nine_rooms, uniq_ijyb
D:5:      layout_basic, lemuel_round_altar, overflow_temple_1_default,
          first_ration, gammafunk_ghost_gnarly_gnolls, uniq_blork_the_orc
D:6:      layout_loops_ring, minitemple, lemuel_crystal_altar, serial_shops,
          shop, minmay_mini_ossuary, uniq_maggie
D:9:      layout_basic, kennysheep_little_box, vehumet_crystals,
          elyvilon_altar_5, uniq_erica
Temple:   nicolae_temple_hex_pool

Skill      XL: |  1  2  3  4  5  6  7  8 |
---------------+-------------------------+-----
Armour         | 1 2 3 |  3.0
Staves         | 4 5 6 7 |  7.6
Fighting       | 3 4 5 |  5.7
Invocations    | 2 3 |  3.1
Throwing       | |  1.7
Dodging        | |  2.4

Action                   |  1- 3 |  4- 6 |  7- 9 || total
-------------------------+-------+-------+-------++-------
Melee: Quarterstaff      |    99 |   249 |   177 ||   525
Invok: Vitalisation      |       |       |     1 ||     1
  Use: Scroll            |       |       |    15 ||    15
       Potion            |       |       |     1 ||     1
  Eat: Chunk             |     1 |     7 |     4 ||    12
       Ration            |       |       |     1 ||     1
Armor: Scale mail        |    76 |       |       ||    76
       Chain mail        |     1 |   172 |   116 ||   289
Dodge: Dodged            |    49 |    97 |    81 ||   227
